 Dungeon Crawl Stone Soup version 0.29-a0-222-g5b244fca1f (webtiles) character file.

Game seed: 12605905065176412649

87 croobank the Insei (level 4, -2/29 HPs)
             Began as an Octopode Transmuter on Feb 27, 2022.
             Slain by a phantom (4 damage)
             ... on level 3 of the Dungeon.
             The game lasted 00:07:46 (3732 turns).

croobank the Insei (Octopode Transmuter)            Turns: 3732, Time: 00:07:46

Health: -2/29      AC:  1    Str:  9    XL:     4   Next: 51%
Magic:  7/7        EV: 13    Int: 17    God:
Gold:   149        SH:  0    Dex: 12    Spells: 2/8 levels left

rFire   . . .      SeeInvis .   a - +0 dagger
rCold   . . .      Faith    .   (no shield)
rNeg    . . .      Spirit   .   (helmet currently unavailable)
rPois   .          Reflect  .   m - amulet of magic regeneration
rElec   .          Harm     .   i - ring of flight
rCorr   .          Rampage  .   (no ring)
Will    .....                   (no ring)
Stlth   ++........              (no ring)
HPRegen 0.09/turn               (no ring)
MPRegen 0.50/turn               (no ring)
                                (no ring)
                                (no ring)

@: appendages, flying
A: tentacle spike 3, almost no armour, amphibious, 8 rings, camouflage 1,
gelatinous body 1, (nimble swimmer 1), tentacles
a: End Transformation


You were on level 3 of the Dungeon.
One of your tentacles had grown a beastly spike.
You visited 1 branch of the dungeon, and saw 3 of its levels.

You collected 149 gold pieces.

Inventory:

Hand Weapons
 a - a +0 dagger (weapon)
 b - a +0 hunting sling
 l - a +0 great sword
 q - a +0 fustibalus
Missiles
 h - 3 atropa-tipped darts (quivered)
 k - 33 stones
 p - 2 boomerangs
 r - 5 poisoned darts
Jewellery
 i - a ring of flight (left tentacle)
 m - an amulet of magic regeneration (around mantle)
Scrolls
 f - a scroll of teleportation {unknown}
 g - a scroll of noise {unknown}
 j - a scroll of magic mapping {unknown}
 n - a scroll of vulnerability {unknown}
 o - a scroll of torment {unknown}
Potions
 c - a potion of curing


   Skills:
 + Level 1.9 Fighting
 + Level 0.3 Short Blades
 + Level 2.6 Dodging
 - Level 3.4 Unarmed Combat
 + Level 2.5 Spellcasting
 + Level 2.6 Transmutations
 + Level 0.6 Poison Magic


You had 2 spell levels left.
You knew the following spells:

 Your Spells              Type           Power      Damage    Failure   Level
a - Beastly Appendage     Tmut           22%        N/A       6%          1
b - Wereblood             Tmut           11%        N/A       10%         2
c - Spider Form           Tmut/Pois      7%         N/A       28%         3

Your spell library contained the following spells:

 Spells                   Type           Power      Damage    Failure   Level
 Ice Form                 Ice/Tmut       6%         N/A       71%         4


Dungeon Overview and Level Annotations

Branches:
Dungeon (3/15)

Altars:
Dithmenos
Uskayaw
Xom

Shops:
D:2 [


Innate Abilities, Weirdness & Mutations

One of your tentacles has grown a beastly spike.
You cannot wear most types of armour.
You are amphibious.
You can wear up to eight rings at the same time.
Your skin changes colour to match your surroundings (Stealth+).
Your rubbery body absorbs attacks. (AC +1, EV +1)
((You are camouflaged when in or above water. (Stealth+)))
You have tentacles for arms and can constrict up to eight enemies at once.


Message History

You hit the phantom.
The phantom is heavily damaged.
The phantom hits you.
You hit the phantom.
Your tentacle spike misses the phantom.
The phantom is heavily damaged.
The phantom closely misses you.
You hit the phantom.
Your tentacle spike misses the phantom.
You squeeze the phantom.
The phantom is almost destroyed.
The phantom hits you.
* * * LOW HITPOINT WARNING * * *
You hit the phantom.
Your tentacle spike misses the phantom.
The phantom is almost destroyed.
Your transformation is almost over.
The phantom hits you but does no damage.
You closely miss the phantom.
You squeeze the phantom, but do no damage.
The phantom is almost destroyed.
The phantom hits you.
* * * LOW HITPOINT WARNING * * *
You closely miss the phantom. Your squeeze misses the phantom.
The phantom is almost destroyed.
The phantom hits you.
* * * LOW HITPOINT WARNING * * *
Your tentacle spike disappears.
There is a stone staircase leading down here.
The phantom barely misses you.
A bat comes into view.
Okay, then.
Okay, then.
You feel better. The phantom hits you!
* * * LOW HITPOINT WARNING * * *
Casting: Beastly Appendage (safe; 6% risk of failure)
Confirm with . or Enter, or press ? or * to list all spells.
One of your tentacles grows a vicious spike.
The phantom barely misses you.
You closely miss the phantom.
The phantom is severely damaged.
The phantom hits you.
You die...

#.#.#......##.##.##
#.#.######.##.....#
.......# #.#####..#
..#.##.# #........#
....##.# ########.#
.#####.# #<#
.#####.# #.#
.......##########.#
..............gW@.#
###################


You could see a phantom and a gnoll.

Vanquished Creatures
  2 gnolls (D:3)
  2 adders (D:2)
  A worm (D:2)
  2 dart slugs
  An orc (D:3)
  3 ball pythons
  3 endoplasms
  A giant cockroach (D:2)
  3 goblins
  3 hobgoblins
  6 jackals
  3 bats
  2 frilled lizards (D:2)
  6 kobolds
  2 rats
40 creatures vanquished.

Vanquished Creatures (others)
  A plant (D:3)
1 creature vanquished.

Grand Total: 41 creatures vanquished

Notes
Turn   | Place    | Note
-------+----------+-------------------------------------------
     0 | D:1      | croobank the Octopode Transmuter began the quest for the
                  | Orb.
     0 | D:1      | Reached XP level 1. HP: 13/13 MP: 3/3
   119 | D:1      | Reached XP level 2. HP: 7/18 MP: 5/5
   122 | D:1      | Learned a level 2 spell: Wereblood
   352 | D:1      | Found a faded altar of an unknown god.
  1254 | D:2      | Reached XP level 3. HP: 11/23 MP: 3/6
  2307 | D:2      | Found Wymilu's Antique Armour Shoppe.
  3128 | D:2      | Learned a level 3 spell: Spider Form
  3187 | D:2      | Reached XP level 4. HP: 29/29 MP: 7/7
  3337 | D:3      | Found a hide-covered altar of Uskayaw.
  3493 | D:3      | Found a shimmering altar of Xom.
  3493 | D:3      | Found a shadowy altar of Dithmenos.
  3674 | D:3      | Noticed a phantom
  3697 | D:3      | HP: 1/29 [phantom (5)]
  3725 | D:3      | HP: 1/29 [phantom (9)]
  3732 | D:3      | Slain by a phantom

Illustrated notes

Levels and vault maps discovered:
D:1:      pf_arrival_petrified_forest, layout_basic,
          hellmonk_ecumenical_altar_crossroads
D:2:      layout_loops_ring, serial_shops, shop, serial_co_window_serial,
          co_window_paths_a, co_window_paths_b, co_window_paths_a,
          co_window_of_opportunity_a, co_window_paths_a, co_window_corner_a,
          co_window_corner_a, co_window_paths_a, co_window_paths_a,
          co_window_broadway_b, co_window_broadway_a, co_window_corner_b,
          co_window_corner_b, co_window_sun, co_window_4corner_a,
          glass_columns_c, glass_columns_a, glass_columns_a, glass_columns_c
D:3:      layout_loops_cross, gammafunk_temple_overflow_wave,
          nicolae_uskayaw_dance_hall, serial_shops, shop

Action                   |  1- 3 |  4- 6 || total
-------------------------+-------+-------++-------
Melee: Unarmed           |    14 |    11 ||    25
       Tentacles         |    15 |    10 ||    25
       Constrict         |    18 |     5 ||    23
       Kick              |    17 |     5 ||    22
       Punch             |     1 |     2 ||     3
       Dagger            |    56 |    30 ||    86
 Cast: Beastly Appendage |    21 |     7 ||    28
       Spider Form       |       |     1 ||     1
       Wereblood         |       |     1 ||     1
  Use: Scroll            |     4 |       ||     4
       Potion            |       |     5 ||     5
 Stab: Sleeping          |     3 |     1 ||     4
Armor: Skin              |    11 |     2 ||    13
Dodge: Dodged            |    29 |    31 ||    60

Table legend: (Time is in decaauts)
 A = Elapsed time spent in this place.
 B = Non-inter-level travel time spent in this place.
 C = Inter-level travel time spent in this place.
 D = Time resting spent in this place.
 E = Time spent auto-exploring this place.
 F = Levels seen in this place.
 G = Mean time per level.
                   A        B        C        D        E       F      G
               +--------+--------+--------+--------+--------+-----+--------+
         Total |   3728 |   3666 |     62 |    549 |   2528 |   3 | 1242.7 |
       Dungeon |   3728 |   3666 |     62 |    549 |   2528 |   3 | 1242.7 |
               +--------+--------+--------+--------+--------+-----+--------+

Top non-repeatable levels by time:
     D:2: 2010 daAuts
     D:1: 1226 daAuts
     D:3: 491 daAuts
